Map: [ESL] Hardwire

Players

Solar - Winner!

  • Race: Zerg Zerg

Rogue

  • Race: Zerg Zerg

Event: IEM Katowice 2022

VOD

Have the link to the VOD?

Description

Time

  • Played on: Feb. 24, 2022, 6:28 a.m.
  • Length: 8:01

All games in this series

Show
View Real Time Build Order
Export as new Build Order

Solar Zerg - Winner!

Build Orders: Hatch First 

Get SALT Encoding   

  12  0:00  Drone  
  13  0:12  Overlord  
  13  0:16  Drone  
  14  0:31  Drone x2  
  16  0:47  Hatchery  
  15  0:51  Drone  
  15  0:54  Drone  
  17  0:58  Drone  
  18  1:09  Extractor  
  17  1:13  Spawning Pool  
  17  1:16  Drone  
  17  1:20  Drone  
  18  1:28  Drone  
  19  1:38  Drone  
  20  1:49  Drone  
  21  2:00  Queen x2  
  26  2:01  Zergling x2  
  26  2:02  Overlord  
  26  2:11  Drone x2  
  26  2:14  Metabolic Boost  
  28  2:21  Drone x2  
  30  2:33  Hatchery  
  30  2:35  Zergling x2  
  30  2:40  Drone  
  31  2:44  Queen  
  31  2:50  Baneling Nest  
  32  2:55  Overlord  
  32  2:58  Drone  
  33  3:00  Drone  
  33  3:01  Drone  
  33  3:04  Drone  
  36  3:15  Drone x3  
  36  3:16  Zergling x4  
  36  3:17  Drone  
  42  3:21  Evolution Chamber  
  42  3:23  Zergling x2  
  42  3:26  Overlord  
  42  3:32  Zergling x2  
  42  3:33  Baneling x2  
  42  3:35  Baneling  
  42  3:38  Baneling  
  42  3:40  Zergling x2  
  43  3:46  Zergling x12  
  49  3:53  Zergling x8  
  53  4:01  Drone  
  53  4:02  Roach Warren  
  53  4:03  Drone  
  53  4:06  Drone  
  50  4:11  Drone  
  50  4:12  Overlord  
  50  4:14  Drone  
  52  4:19  Drone  
  52  4:22  Drone  
  52  4:23  Zerg Missile Weapons Level 1  
  53  4:26  Drone  
  53  4:29  Drone  
  55  4:32  Drone  
  55  4:35  Drone x3  
  58  4:41  Overlord  
  58  4:43  Drone x2  
  58  4:44  Extractor  
  59  4:46  Drone  
  59  4:49  Drone x2  
  59  4:52  Drone x2  
  64  4:53  Drone  
  64  4:58  Overlord  
  65  5:03  Extractor  
  65  5:05  Roach x2  
  65  5:06  Roach  
  70  5:11  Roach  
  69  5:17  Roach x2  
  69  5:20  Zergling x12  
  79  5:22  Baneling x2  
  79  5:26  Zergling x2  
  79  5:27  Zergling x4  
  81  5:34  Drone  
  81  5:35  Drone x2  
  81  5:40  Lair, Drone  
  79  5:44  Drone x2  
  79  5:46  Drone  
  82  5:53  Overlord  
  82  5:56  Queen  
  80  5:58  Drone  
  80  5:59  Drone  
  80  6:00  Drone  
  80  6:08  Drone x2  
  80  6:09  Drone  
  80  6:10  Drone x2  
  82  6:17  Drone x3  
  83  6:18  Drone  
  83  6:19  Drone, Extractor  
  83  6:20  Drone, Extractor  
  82  6:26  Drone  
  82  6:27  Drone  
  82  6:28  Overlord  
  82  6:30  Drone  
  89  6:32  Roach x2  
  89  6:33  Roach  
  89  6:36  Overlord  
  89  6:38  Glial Reconstitution  
  89  6:40  Overseer  
  89  6:41  Overlord  
  89  6:42  Overlord x2  
  89  6:44  Extractor  
  90  6:47  Roach x2  
  90  6:53  Roach x3  
  97  6:58  Spire  
  96  7:02  Roach x2  
  96  7:06  Roach  
  96  7:07  Roach  
  105  7:08  Roach, Spine Crawler  
  105  7:10  Baneling x2, Spine Crawler  
  105  7:12  Roach  
  105  7:13  Ravager x2  
  109  7:16  Roach x2  
  109  7:18  Roach  
  109  7:22  Roach, Spine Crawler  
  116  7:25  Roach x2  
  116  7:28  Overlord  
  120  7:30  Roach  
  120  7:32  Ravager  
  120  7:33  Roach  
  120  7:34  Roach  
  120  7:36  Roach  
  129  7:37  Overlord  
Show
View Real Time Build Order
Export as new Build Order

Rogue Zerg 

Build Orders: Hatch First 

Get SALT Encoding   

  12  0:00  Drone  
  13  0:12  Overlord  
  13  0:16  Drone  
  14  0:30  Drone x2  
  16  0:47  Hatchery  
  15  0:50  Drone  
  15  0:54  Drone  
  17  0:57  Drone  
  18  1:08  Extractor  
  17  1:12  Spawning Pool  
  17  1:15  Drone  
  18  1:18  Drone  
  18  1:28  Drone  
  19  1:39  Drone  
  20  1:50  Drone  
  21  1:59  Queen x2  
  21  2:00  Overlord, Zergling x2  
  26  2:07  Metabolic Boost  
  26  2:10  Drone  
  26  2:11  Drone  
  28  2:22  Drone x2  
  30  2:37  Hatchery  
  30  2:38  Zergling x2  
  30  2:42  Queen  
  32  2:49  Baneling Nest  
  32  2:50  Overlord  
  31  2:54  Zergling x2  
  31  2:58  Zergling x4  
  34  3:02  Zergling x2  
  35  3:10  Zergling x4  
  35  3:12  Zergling x6  
  40  3:14  Zergling x2  
  40  3:17  Zergling x2  
  40  3:18  Zergling x2  
  43  3:23  Overlord  
  43  3:34  Overlord  
  43  3:38  Drone  
  43  3:39  Baneling x2  
  44  3:41  Drone x2  
  44  3:42  Drone  
  44  3:44  Drone  
  44  3:45  Drone  
  49  3:51  Drone x3  
  49  3:53  Drone  
  48  3:57  Drone  
  49  4:04  Zergling x2  
  49  4:06  Zergling x2  
  50  4:10  Zergling x4  
  50  4:12  Roach Warren  
  50  4:14  Extractor  
  50  4:15  Baneling x2  
  50  4:18  Zergling x2  
  50  4:21  Evolution Chamber  
  50  4:26  Zergling x8  
  50  4:27  Zergling x2  
  50  4:28  Baneling  
  50  4:29  Baneling  
  54  4:39  Drone  
  54  4:40  Drone x5  
  54  4:42  Baneling  
  54  4:44  Zergling x2  
  61  4:50  Overlord  
  61  4:51  Drone x2  
  63  4:55  Drone x2  
  65  5:01  Extractor  
  65  5:03  Zerg Missile Weapons Level 1  
  65  5:05  Overlord  
  64  5:12  Drone x4  
  63  5:17  Overlord  
  62  5:26  Drone x2  
  61  5:31  Roach x3  
  61  5:35  Roach  
  65  5:38  Roach  
  65  5:42  Roach, Extractor  
  66  5:44  Zergling x6  
  66  5:45  Zergling x6  
  72  5:51  Roach  
  72  5:52  Roach, Spine Crawler  
  72  5:55  Roach  
  75  5:58  Roach  
  75  5:59  Roach x2  
  75  6:00  Roach  
  75  6:03  Roach  
  77  6:07  Roach  
  77  6:10  Roach  
  75  6:12  Roach  
  75  6:13  Roach  
  75  6:15  Roach  
  75  6:16  Roach  
  73  6:20  Roach  
  73  6:21  Roach  
  73  6:25  Roach  
  73  6:28  Roach  
  73  6:30  Roach  
  71  6:34  Queen  
  71  6:38  Roach  
  74  6:41  Roach  
  74  6:42  Roach  
  74  6:45  Roach  
  80  6:50  Roach  
  80  6:53  Overlord  
  82  6:59  Overlord  
  82  7:07  Overlord  
  82  7:12  Zergling x16  
  82  7:15  Overlord  
  90  7:19  Ravager x2  
  90  7:20  Ravager  
  90  7:21  Zergling x2  
  90  7:22  Zergling x4  
  96  7:24  Zergling x2  
  96  7:27  Ravager  
  96  7:28  Zergling x6  
  101  7:31  Zergling x2  
  101  7:33  Ravager  
  101  7:34  Zergling x2  
  104  7:38  Zergling x6  
  104  7:41  Zergling x2  
  99  7:51  Ravager  
  99  7:52  Ravager  

Tags
 
Add a new tag
Caveats
  • Supply blocks, unpowered buildings, or Contaminate may cause inaccurate times.
  • Supply counts are checked every 10 seconds.